 Dungeon Crawl Stone Soup version 0.20-a0-893-g832831a (webtiles) character file.

55 Tungsten the Gusty (level 3, -2/26 HPs)
             Began as a Draconian Air Elementalist on Mar 18, 2017.
             Killed from afar by Natasha (5 damage)
             ... with a magic dart
             ... on level 2 of the Dungeon.
             The game lasted 00:06:52 (1739 turns).

Tungsten the Gusty (Draconian Air Elementalist)     Turns: 1739, Time: 00:06:53

Health: -2/26      AC:  5    Str:  9 (10) XL:     3   Next: 67%
Magic:  5/7        EV: 12    Int: 14 (16) God:
Gold:   25         SH:  0    Dex:  9 (11) Spells: 1/7 levels left

rFire    . . .     SeeInvis .   l - +0 spear
rCold    . . .     Gourm    +   (armour unavailable)
rNeg     . . .     Faith    .   (no shield)
rPois    .         Spirit   .   f - +0 hat
rElec    .         Reflect  .   (no cloak)
rCorr    .         Harm     .   (no gloves)
MR       .....                  (no boots)
Stlth    ++........             m - amulet of the gourmand
Regen    0.1/turn               (no ring)
MPRegen  0.1/turn               (no ring)

@: slowed, very slow
A: unfitting armour, cold-blooded, AC +5
a: no special abilities


You were on level 2 of the Dungeon.
You were not hungry.

You visited 1 branch of the dungeon, and saw 2 of its levels.

You collected 25 gold pieces.


Innate Abilities, Weirdness & Mutations

Your plain brown scales are hard. (AC +5)
You cannot fit into any form of body armour.
You are cold-blooded and may be slowed by cold attacks.


   Skills:
 - Level 1.7 Dodging
 - Level 1.7 Stealth
 + Level 2.7 Spellcasting
 * Level 2.2 Conjurations
 * Level 3.6 Air Magic


You had one spell level left.
You knew the following spells:

 Your Spells              Type           Power        Failure   Level  Hunger
a - Shock                 Conj/Air       ##..         10%         1    #......
b - Swiftness             Chrm/Air       #.......     21%         2    ###....
c - Static Discharge      Conj/Air       ##......     21%         3    ###....

Inventory:

Hand Weapons
 l - a +0 spear (weapon)
Missiles
 h - 11 stones (quivered)
Armour
 f - a +0 hat (worn)
 o - a +0 buckler
Jewellery
 m - an amulet of the gourmand (around neck)
Scrolls
 e - 2 scrolls of identify {unknown}
 i - a scroll of teleportation {unknown}
 k - a scroll of immolation {unknown}
 n - a scroll of recharging {unknown}
Potions
 p - a potion of curing {unknown}
Books
 a - a book of Air

   Spells                             Type                      Level
   a - Shock                          Conjuration/Air              1
   b - Swiftness                      Charms/Air                   2
   c - Static Discharge               Conjuration/Air              3
   d - Airstrike                      Air                          4
   e - Lightning Bolt                 Conjuration/Air              5
Comestibles
 b - a bread ration
 c - 2 fruits
 g - a meat ration
 j - 2 royal jellies


Message History

Natasha is heavily wounded.
Natasha stares at you and mumbles some strange words.
The magic dart hits you!
The giant cockroach bites you but does no damage.
Natasha claws you.
You barely miss Natasha.
Natasha is heavily wounded.
The giant cockroach barely misses you. Natasha claws you!
* * * LOW HITPOINT WARNING * * *
The giant cockroach bites you but does no damage.
Natasha growls.
Natasha claws you.
* * * LOW HITPOINT WARNING * * *
It was a potion of degeneration.
There was something very wrong with that liquid.
You feel weakened.
You feel dopey.
You feel clumsy. The giant cockroach misses you.
The giant cockroach barely misses you.
Natasha stares at you and mumbles some strange words.
The magic dart hits you!
You die...

#####....#...#.#...#.#.#.#.# #.#
.........#...#.#.........#.# #..
.####............#..##.###.#####.
.#...............................
.#.#####.#...#......##.#.#.######
.#.# #.#...####...##.#.#.#.####
.#.# #.#.... .....##.# # #.....
.#.# #.#..####hs.###.# #.####
.#.# #.#..# #@....... #... .#.#
#.#..####...###.# #.## .#)#
#.#.........# #
.#.#####.##.########
.#...........# .#######.##..# .#
#.#...# .# #.#.#.# .# #.#. .#


You could see Natasha and a giant cockroach.

Vanquished Creatures
  An adder (D:2)
  An ooze (D:1)
  A worm (D:2)
  2 dart slugs
  A leopard gecko (D:2)
  6 bats (D:1)
  A giant cockroach (D:2)
  2 goblins
  5 hobgoblins
  2 frilled lizards
  6 kobolds
  7 rats
35 creatures vanquished.

Notes
Turn   | Place    | Note
-------+----------+-------------------------------------------
     0 | D:1      | Tungsten the Draconian Air Elementalist began the quest for the Orb.
     0 | D:1      | Reached XP level 1. HP: 14/14 MP: 3/3
   192 | D:1      | Reached XP level 2. HP: 20/20 MP: 1/5
   510 | D:1      | Learned a level 2 spell: Swiftness
  1073 | D:1      | Reached XP level 3. HP: 23/26 MP: 6/6
  1175 | D:1      | Learned a level 3 spell: Static Discharge
  1733 | D:2      | Noticed Natasha
  1738 | D:2      | HP: 4/26 [Natasha (8)]
  1739 | D:2      | Killed from afar by Natasha

Vault maps used:
D:1:      dpeg_arrival_orchard
D:2:      uniq_natasha

Action                   || total
-------------------------++-------
Melee: Unarmed           ||    10
       Tailslap          ||    10
       Short sword       ||    31
       Whip              ||     1
       Spear             ||    47
Throw: Stone             ||     1
 Cast: Shock             ||    31
  Use: Potion            ||     1
 Stab: Sleeping          ||     1
  Eat: Chunk             ||     8
Armor: Skin              ||    34
Dodge: Dodged            ||    74
